Canadiens vs Rangers

Created - 23 janvier 2022 at 16:02

Goals
1 2 3 T
Canadiens 0 2 3 5
Rangers 2 0 0 2
Shots
1 2 3 T
Canadiens 12 11 15 38
Rangers 5 11 12 28

GoalsPenalties
1st period
1. Rangers , Ryan Lindgren 11 (Nils Hoglander 21) at 1:39
2. Rangers , Pierre-Luc Dubois 15 (Joel Farabee 19, Samuel Girard 34) at 9:54 (PP)
Samuel Girard (NYR) for Slashing (Minor) at 4:49
Kasperi Kapanen (MON) for Hooking (Minor) at 9:25
2nd period
3. Canadiens , Kasperi Kapanen 10 (Andrew Copp 8, Adam Henrique 7) at 17:40
4. Canadiens , Jake Muzzin 9 (Kasperi Kapanen 9, Brandon Carlo 6) at 18:53
No Penalty
3rd period
5. Canadiens , Auston Matthews 36 (Mitch Marner 43, Zach Hyman 29) at 7:04
6. Canadiens , Clayton Keller 9 (Brandon Carlo 7, Jonathan Huberdeau 21) at 11:13
7. Canadiens , Morgan Rielly 7 (Zach Hyman 30) at 15:42 (PP)
Jake Muzzin (MON) for Hooking (Minor) at 2:35
Zach Hyman (MON) for Roughing (Minor) at 4:52
Pierre-Luc Dubois (NYR) for Tripping (Minor) at 13:48
Jeff Skinner (NYR) for Roughing (Minor) at 17:43
Brandon Carlo (MON) for Hooking (Minor) at 17:43
Goalie Stats
Frederik Andersen (MON), 26 saves from 28 shots - (0,929), W, 9-3-2, 60:00 minutes
Keith Kinkaid (NYR), 33 saves from 38 shots - (0,868), L, 8-11-3, 60:00 minutes
3 StarsOfficial
1 - Kasperi Kapanen (MON)
2 - Brandon Carlo (MON)
3 - Auston Matthews (MON)
Referees : Dennis LaRue and Greg Kimmerly
Linesman : Derek Nansen and Ryan Gibbons
Game Note
No Game Note



Team Name Goals Shots Shots Attemp Shots Blocked PIM HIT PP PK FO%
Canadiens 5386838221 / 2 (50%)158%
Rangers 22849126301 / 3 (33%)142%

Canadiens
Player Name POS G A P +/- PIM HIT SHT SB MP PP MP PP SHT PK MP PK SHT FO% FOT
Adam HenriqueC/LW0112000012:462:0900:00046% 24
Andrew CoppC/LW0112002010:370:0000:0000% 0
Auston MatthewsC/LW1011016018:051:4400:00060% 25
Brandon CarloD0222220118:080:0001:5800% 0
Brayden SchennC/LW/RW0000025017:022:0500:00070% 20
Carson SoucyD0000042019:330:0001:5800% 0
Clayton KellerLW/RW1010003016:122:0900:000100% 1
Colton SceviourC0000000012:070:0002:22067% 3
Jake MuzzinD1012211119:452:0501:3000% 0
Joakim NordstromC/LW/RW0000021012:030:0002:181100% 2
John CarlsonD0001012020:371:4810:0000% 0
Jonathan HuberdeauLW0110012016:411:4400:00050% 2
Kasperi KapanenLW/RW1122207012:410:0002:0500% 1
Matt RoyD0000010019:090:0002:2900% 0
Mitch MarnerRW0111013018:051:4410:0000% 0
Morgan RiellyD1011002120:411:4820:5900% 0
Radek FaksaC0000021011:540:0002:09055% 20
Zach HymanLW/RW0221241017:242:0900:00050% 2
Rangers
Player Name POS G A P +/- PIM HIT SHT SB MP PP MP PP SHT PK MP PK SHT FO% FOT
Alexandre CarrierD0001021222:081:4101:5000% 0
Darren RaddyshD000-1030118:060:0000:0000% 0
Dylan CoghlanD000-3010216:580:0002:0100% 0
Gabriel VilardiC0000011014:412:2301:26039% 18
Jeff SkinnerLW000-2202016:530:0001:4600% 0
Joel FarabeeLW/RW0110016020:002:4600:0000% 1
Joel KivirantaLW000-100217:320:0000:0000% 2
Juuso RiikolaD000-3050114:560:0001:0400% 0
Kyle OkposoLW/RW0000001010:520:0000:00050% 2
Marcus JohanssonC/LW0000010020:122:0400:00033% 3
Nicolas DeslauriersLW/RW000-102206:470:0000:20050% 2
Nils HoglanderLW/RW011-2013019:382:2302:0700% 2
Pat MaroonLW000-101108:340:0002:07050% 10
Pierre-Luc DuboisC1010222120:112:0410:00038% 26
Ryan LindgrenD1011043122:321:4112:0300% 0
Ryan ReavesRW0000040012:562:0400:0000% 0
Samuel GirardD011-1202322:332:4610:4800% 0
Trevor ZegrasC000-2022018:362:2300:00050% 34

Canadiens

5 vs 5 Forward
Line #Left WingCenterRight WingPHYDFOFWanted %Time %Time Play
1Zach HymanAuston MatthewsMitch Marner0233031%15:16
2Jonathan HuberdeauBrayden SchennClayton Keller0322828%14:03
3Andrew CoppAdam HenriqueKasperi Kapanen0322221%10:37
4Colton SceviourRadek FaksaJoakim Nordstrom1222020%9:45
5 vs 5 Defense
Line #DefenseDefensePHYDFOFWanted %Time %Time Play
1John CarlsonCarson Soucy0233434%16:41
2Jake MuzzinBrandon Carlo0323333%16:11
3Matt RoyMorgan Rielly1223331%15:35
4John CarlsonMorgan Rielly12202%1:14
Power Play Forward
Line #Left WingCenterRight WingPHYDFOFWanted %Time %Time Play
1Jonathan HuberdeauAuston MatthewsMitch Marner0145045%1:44
2Zach HymanAdam HenriqueClayton Keller0145055%2:09
Power Play Defense
Line #DefenseDefensePHYDFOFWanted %Time %Time Play
1John CarlsonMorgan Rielly0145046%1:48
2Jake MuzzinBrayden Schenn0145054%2:05
Penalty Kill 4 Players Forward
Line #CenterWingPHYDFOFWanted %Time %Time Play
1Radek FaksaKasperi Kapanen0415048%2:09
2Colton SceviourJoakim Nordstrom0415052%2:18
Penalty Kill 4 Players Defense
Line #DefenseDefensePHYDFOFWanted %Time %Time Play
1Jake MuzzinMatt Roy0415056%2:29
2Brandon CarloCarson Soucy0415044%1:58
Penalty Kill 3 Players
Line #WingPHYDFOFWanted %Time %Time PlayDefenseDefensePHYDFOFWanted %Time %Time Play
1Radek Faksa050500%0:00 Carson SoucyBrandon Carlo050500%0:00
2Andrew Copp050500%0:00 Jake MuzzinMatt Roy050500%0:00
4 vs 4 Forward
Line #CenterWingPHYDFOFWanted %Time %Time Play
1Auston MatthewsMitch Marner0235055%1:05
2Brayden SchennJonathan Huberdeau0235045%0:54
4 vs 4 Defense
Line #DefensePHYDFOFWanted %Time %Time Play
1John CarlsonCarson Soucy0325045%50% - 0:54
2Matt RoyMorgan Rielly0325055%50% - 1:05
Last Minutes Offensive
Left WingCenterRight WingDefenseDefense
Jonathan HuberdeauAuston MatthewsMitch MarnerJohn CarlsonMorgan Rielly
Last Minutes Defensive
Left WingCenterRight WingDefenseDefense
Andrew CoppRadek FaksaJoakim NordstromJake MuzzinBrandon Carlo
Time
Total ForwardTotal DefenseLast Minutes OffensiveLast Minutes Defensive
60:00 60:00 0:000:00
Extra Forwards
Normal PowerPlayPenalty Kill
Clayton Keller, Kasperi Kapanen, Radek FaksaClayton Keller, Kasperi KapanenColton Sceviour
Extra Defensemen
Normal PowerPlayPenalty Kill
Matt Roy, Carson Soucy, Brandon CarloCarson Soucy, Morgan RiellyJohn Carlson
Penalty Shots
Auston Matthews, Clayton Keller, Jonathan Huberdeau, Kasperi Kapanen, Zach Hyman
Goalie
Frederik Andersen, Cam Talbot
Custom OT Lines Forwards
Auston Matthews, Mitch Marner, Jonathan Huberdeau, Brayden Schenn, Andrew Copp, Clayton Keller, Zach Hyman, Radek Faksa, Kasperi Kapanen, Adam Henrique
Custom OT Lines Defensemen
John Carlson, Morgan Rielly, Jake Muzzin, Brandon Carlo, Matt Roy
Scratches
Egor Korshkov (Healthy), T.J. Brodie (Healthy), Lucas Wallmark (Healthy)

Rangers

5 vs 5 Forward
Line #Left WingCenterRight WingPHYDFOFWanted %Time %Time Play
1Marcus JohanssonPierre-Luc DuboisJoel Farabee0233435%17:14
2Jeff SkinnerTrevor ZegrasNils Hoglander0233130%15:08
3Kyle OkposoGabriel VilardiRyan Reaves1312022%10:52
4Joel KivirantaPat MaroonNicolas Deslauriers2211513%6:27
5 vs 5 Defense
Line #DefenseDefensePHYDFOFWanted %Time %Time Play
1Samuel GirardDarren Raddysh0324036%18:06
2Ryan LindgrenAlexandre Carrier0324036%17:43
3Dylan CoghlanJuuso Riikola1402028%13:52
4Samuel GirardRyan Lindgren12200%0:00
Power Play Forward
Line #Left WingCenterRight WingPHYDFOFWanted %Time %Time Play
1Nils HoglanderTrevor ZegrasGabriel Vilardi0145054%2:23
2Marcus JohanssonPierre-Luc DuboisRyan Reaves0145046%2:04
Power Play Defense
Line #DefenseDefensePHYDFOFWanted %Time %Time Play
1Samuel GirardJoel Farabee0145062%2:46
2Alexandre CarrierRyan Lindgren0235038%1:41
Penalty Kill 4 Players Forward
Line #CenterWingPHYDFOFWanted %Time %Time Play
1Gabriel VilardiJeff Skinner0415045%1:46
2Pat MaroonNils Hoglander0415055%2:07
Penalty Kill 4 Players Defense
Line #DefenseDefensePHYDFOFWanted %Time %Time Play
1Ryan LindgrenDylan Coghlan0325032%1:15
2Samuel GirardAlexandre Carrier0415068%2:38
Penalty Kill 3 Players
Line #WingPHYDFOFWanted %Time %Time PlayDefenseDefensePHYDFOFWanted %Time %Time Play
1Marcus Johansson140500%0:00 Dylan CoghlanRyan Lindgren140500%0:00
2Pat Maroon140500%0:00 Samuel GirardAlexandre Carrier140500%0:00
4 vs 4 Forward
Line #CenterWingPHYDFOFWanted %Time %Time Play
1Trevor ZegrasJoel Kiviranta0235055%1:05
2Marcus JohanssonPierre-Luc Dubois0235045%0:54
4 vs 4 Defense
Line #DefensePHYDFOFWanted %Time %Time Play
1Alexandre CarrierSamuel Girard0235045%50% - 0:54
2Ryan LindgrenDylan Coghlan0325055%50% - 1:05
Last Minutes Offensive
Left WingCenterRight WingDefenseDefense
Joel FarabeePierre-Luc DuboisJeff SkinnerTrevor ZegrasSamuel Girard
Last Minutes Defensive
Left WingCenterRight WingDefenseDefense
Gabriel VilardiMarcus JohanssonRyan ReavesRyan LindgrenAlexandre Carrier
Time
Total ForwardTotal DefenseLast Minutes OffensiveLast Minutes Defensive
60:00 60:00 0:000:00
Extra Forwards
Normal PowerPlayPenalty Kill
Trevor Zegras, Joel Farabee, Nils HoglanderPierre-Luc Dubois, Pat MaroonNicolas Deslauriers
Extra Defensemen
Normal PowerPlayPenalty Kill
Ryan Lindgren, Samuel Girard, Alexandre CarrierAlexandre Carrier, Dylan CoghlanJuuso Riikola
Penalty Shots
Pierre-Luc Dubois, Joel Farabee, Trevor Zegras, Nils Hoglander, Ryan Lindgren
Goalie
Keith Kinkaid, Igor Shesterkin
Custom OT Lines Forwards
Gabriel Vilardi, Trevor Zegras, Ryan Reaves, Pierre-Luc Dubois, Nils Hoglander, Marcus Johansson, Pat Maroon, Joel Kiviranta, Joel Farabee, Jeff Skinner
Custom OT Lines Defensemen
Alexandre Carrier, Ryan Lindgren, Dylan Coghlan, Samuel Girard, Juuso Riikola
Scratches
Alex Chiasson (Healthy), Bowen Byram (Right Hip Injury), Wayne Simmonds (Healthy)


Play-by-Play

1st period


0:01 of 1st period - Pierre-Luc Dubois wins face-off versus Auston Matthews in neutral zone.
0:01 of 1st period - Samuel Girard is hit by Zach Hyman and loses puck.
0:32 of 1st period - Shot by Auston Matthews.
0:32 of 1st period - Stopped by Keith Kinkaid without a rebound.
0:33 of 1st period - Trevor Zegras wins face-off versus Brayden Schenn in Rangers zone.
0:33 of 1st period - Trevor Zegras is hit by Brayden Schenn.
0:40 of 1st period - Off-side.
0:41 of 1st period - Kyle Okposo wins face-off versus Adam Henrique in neutral zone.
0:47 of 1st period - Icing by Morgan Rielly.
0:48 of 1st period - Adam Henrique wins face-off versus Pat Maroon in Canadiens zone.
0:56 of 1st period - Adam Henrique is hit by Juuso Riikola and loses puck.
1:08 of 1st period - Andrew Copp is hit by Nicolas Deslauriers and loses puck.
1:25 of 1st period - Shot by Kasperi Kapanen.
1:25 of 1st period - Stopped by Keith Kinkaid without a rebound.
1:26 of 1st period - Radek Faksa wins face-off versus Trevor Zegras in Rangers zone.
1:29 of 1st period - Shot by Radek Faksa.
1:29 of 1st period - Stopped by Keith Kinkaid without a rebound.
1:30 of 1st period - Brayden Schenn wins face-off versus Trevor Zegras in Rangers zone.
1:33 of 1st period - Shot by Jonathan Huberdeau.
1:33 of 1st period - Shot Blocked by Alexandre Carrier.
1:39 of 1st period - Shot by Ryan Lindgren.
1:39 of 1st period - Goal by Ryan Lindgren - Canadiens : 0 - Rangers : 1.
1:40 of 1st period - Joakim Nordstrom wins face-off versus Kyle Okposo in neutral zone.
1:56 of 1st period - Jake Muzzin is hit by Ryan Reaves and loses puck.
2:47 of 1st period - Shot by Jonathan Huberdeau.
2:47 of 1st period - Shot Blocked by Alexandre Carrier.
2:49 of 1st period - Shot by John Carlson.
2:49 of 1st period - Stopped by Keith Kinkaid without a rebound.
2:50 of 1st period - Pierre-Luc Dubois wins face-off versus Auston Matthews in Rangers zone.
2:50 of 1st period - Pierre-Luc Dubois is hit by Mitch Marner.
3:46 of 1st period - Morgan Rielly is hit by Alexandre Carrier.
4:24 of 1st period - Shot by Clayton Keller.
4:24 of 1st period - Deflect By Brayden Schenn.
4:24 of 1st period - Shot Misses the Net.
4:42 of 1st period - Shot by Jonathan Huberdeau.
4:42 of 1st period - Deflect By Clayton Keller.
4:42 of 1st period - Stopped by Keith Kinkaid without a rebound.
4:43 of 1st period - Adam Henrique wins face-off versus Joel Kiviranta in Rangers zone.
4:49 of 1st period - Minor Penalty to Samuel Girard for Slashing.
4:50 of 1st period - Gabriel Vilardi wins face-off versus Adam Henrique in Rangers zone.
6:19 of 1st period - Icing by Zach Hyman.
6:20 of 1st period - Gabriel Vilardi wins face-off versus Adam Henrique in Canadiens zone.
7:44 of 1st period - Shot by Kasperi Kapanen.
7:44 of 1st period - Stopped by Keith Kinkaid without a rebound.
7:45 of 1st period - Gabriel Vilardi wins face-off versus Auston Matthews in Rangers zone.
8:22 of 1st period - Shot by Auston Matthews.
8:22 of 1st period - Shot Misses the Net.
8:33 of 1st period - Icing by Dylan Coghlan.
8:34 of 1st period - Brayden Schenn wins face-off versus Gabriel Vilardi in Rangers zone.
8:36 of 1st period - Jonathan Huberdeau is hit by Juuso Riikola and loses puck.
9:25 of 1st period - Minor Penalty to Kasperi Kapanen for Hooking.
9:26 of 1st period - Radek Faksa wins face-off versus Pierre-Luc Dubois in Canadiens zone.
9:50 of 1st period - Shot by Samuel Girard.
9:50 of 1st period - Shot Misses the Net.
9:54 of 1st period - Shot by Pierre-Luc Dubois.
9:54 of 1st period - Goal by Pierre-Luc Dubois - Canadiens : 0 - Rangers : 2.
9:55 of 1st period - Nicolas Deslauriers wins face-off versus Adam Henrique in neutral zone.
10:35 of 1st period - Shot by Kasperi Kapanen.
10:35 of 1st period - Stopped by Keith Kinkaid without a rebound.
10:36 of 1st period - Pierre-Luc Dubois wins face-off versus Zach Hyman in Rangers zone.
10:36 of 1st period - Pierre-Luc Dubois is hit by Auston Matthews.
10:58 of 1st period - Shot by Mitch Marner.
10:58 of 1st period - Shot Misses the Net.
11:08 of 1st period - Shot by Zach Hyman.
11:08 of 1st period - Shot Blocked by Pierre-Luc Dubois.
11:20 of 1st period - Shot by Auston Matthews.
11:20 of 1st period - Stopped by Keith Kinkaid without a rebound.
11:21 of 1st period - Brayden Schenn wins face-off versus Trevor Zegras in Rangers zone.
11:32 of 1st period - Shot by Clayton Keller.
11:32 of 1st period - Shot Blocked by Juuso Riikola.
11:35 of 1st period - Icing by Dylan Coghlan.
11:36 of 1st period - Trevor Zegras wins face-off versus Radek Faksa in Rangers zone.
11:36 of 1st period - Trevor Zegras is hit by Joakim Nordstrom.
11:41 of 1st period - Trevor Zegras is hit by John Carlson and loses puck.
12:01 of 1st period - Shot by Jeff Skinner.
12:01 of 1st period - Deflect By Trevor Zegras.
12:01 of 1st period - Shot Misses the Net.
12:25 of 1st period - Joakim Nordstrom is hit by Ryan Lindgren and loses puck.
12:39 of 1st period - Pierre-Luc Dubois is hit by Carson Soucy and loses puck.
12:46 of 1st period - Shot by Joel Farabee.
12:46 of 1st period - Stopped by Frederik Andersen without a rebound.
12:47 of 1st period - Brayden Schenn wins face-off versus Gabriel Vilardi in Canadiens zone.
13:05 of 1st period - Icing by Brandon Carlo.
13:06 of 1st period - Brayden Schenn wins face-off versus Pierre-Luc Dubois in Canadiens zone.
13:17 of 1st period - Shot by Jonathan Huberdeau.
13:17 of 1st period - Stopped by Keith Kinkaid without a rebound.
13:18 of 1st period - Trevor Zegras wins face-off versus Adam Henrique in Rangers zone.
13:34 of 1st period - Icing by Adam Henrique.
13:35 of 1st period - Adam Henrique wins face-off versus Pierre-Luc Dubois in Canadiens zone.
14:21 of 1st period - Joel Farabee is hit by Zach Hyman and loses puck.
15:18 of 1st period - Joel Farabee is hit by Jake Muzzin and loses puck.
15:50 of 1st period - Shot by Clayton Keller.
15:50 of 1st period - Deflect By Brayden Schenn.
15:50 of 1st period - Stopped by Keith Kinkaid with a rebound.
16:10 of 1st period - Icing by Jeff Skinner.
16:11 of 1st period - Trevor Zegras wins face-off versus Adam Henrique in Rangers zone.
16:21 of 1st period - Icing by Kasperi Kapanen.
16:22 of 1st period - Gabriel Vilardi wins face-off versus Adam Henrique in Canadiens zone.
16:59 of 1st period - Shot by Kyle Okposo.
16:59 of 1st period - Shot Misses the Net.
17:12 of 1st period - Icing by Dylan Coghlan.
17:13 of 1st period - Brayden Schenn wins face-off versus Gabriel Vilardi in Rangers zone.
17:40 of 1st period - Shot by Carson Soucy.
17:40 of 1st period - Shot Blocked by Dylan Coghlan.
17:42 of 1st period - Shot by Brayden Schenn.
17:42 of 1st period - Shot Blocked by Dylan Coghlan.
17:44 of 1st period - Shot by Brayden Schenn.
17:44 of 1st period - Stopped by Keith Kinkaid with a rebound.
18:18 of 1st period - Shot by Mitch Marner.
18:18 of 1st period - Shot Misses the Net.
18:46 of 1st period - Shot by Zach Hyman.
18:46 of 1st period - Stopped by Keith Kinkaid without a rebound.
18:47 of 1st period - Radek Faksa wins face-off versus Trevor Zegras in Rangers zone.
19:00 of 1st period - Shot by Nils Hoglander.
19:00 of 1st period - Stopped by Frederik Andersen without a rebound.
19:01 of 1st period - Adam Henrique wins face-off versus Pat Maroon in Canadiens zone.
19:24 of 1st period - Shot by Ryan Lindgren.
19:24 of 1st period - Stopped by Frederik Andersen without a rebound.
19:25 of 1st period - Radek Faksa wins face-off versus Trevor Zegras in Canadiens zone.
19:25 of 1st period - Radek Faksa is hit by Trevor Zegras.
Goals for this period are 0 for Canadiens vs 2 for Rangers.
Shots for this period are 12 for Canadiens vs 5 for Rangers.

2nd period


0:01 of 2nd period - Brayden Schenn wins face-off versus Pierre-Luc Dubois in neutral zone.
0:01 of 2nd period - Brayden Schenn is hit by Pierre-Luc Dubois.
0:29 of 2nd period - Joel Farabee is hit by Brayden Schenn and loses puck.
1:01 of 2nd period - Icing by Clayton Keller.
1:02 of 2nd period - Brayden Schenn wins face-off versus Nils Hoglander in Canadiens zone.
1:11 of 2nd period - Icing by Jeff Skinner.
1:12 of 2nd period - Trevor Zegras wins face-off versus Auston Matthews in Rangers zone.
1:25 of 2nd period - Shot by Trevor Zegras.
1:25 of 2nd period - Stopped by Frederik Andersen without a rebound.
1:26 of 2nd period - Radek Faksa wins face-off versus Pat Maroon in Canadiens zone.
1:26 of 2nd period - Radek Faksa is hit by Pat Maroon.
2:06 of 2nd period - Radek Faksa is hit by Juuso Riikola and loses puck.
2:22 of 2nd period - Icing by Matt Roy.
2:23 of 2nd period - Auston Matthews wins face-off versus Trevor Zegras in Canadiens zone.
3:27 of 2nd period - Shot by Samuel Girard.
3:27 of 2nd period - Shot Blocked by Morgan Rielly.
4:11 of 2nd period - Shot by Gabriel Vilardi.
4:11 of 2nd period - Deflect By Kyle Okposo.
4:11 of 2nd period - Stopped by Frederik Andersen without a rebound.
4:12 of 2nd period - Pat Maroon wins face-off versus Adam Henrique in Canadiens zone.
4:17 of 2nd period - Shot by Nicolas Deslauriers.
4:17 of 2nd period - Stopped by Frederik Andersen without a rebound.
4:18 of 2nd period - Trevor Zegras wins face-off versus Brayden Schenn in Canadiens zone.
4:23 of 2nd period - Shot by Jeff Skinner.
4:23 of 2nd period - Stopped by Frederik Andersen without a rebound.
4:24 of 2nd period - Adam Henrique wins face-off versus Trevor Zegras in Canadiens zone.
5:33 of 2nd period - Clayton Keller is hit by Joel Farabee and loses puck.
5:47 of 2nd period - Icing by Jonathan Huberdeau.
5:48 of 2nd period - Brayden Schenn wins face-off versus Joel Kiviranta in Canadiens zone.
5:48 of 2nd period - Brayden Schenn is hit by Nicolas Deslauriers.
5:56 of 2nd period - Shot by Clayton Keller.
5:56 of 2nd period - Stopped by Keith Kinkaid without a rebound.
5:57 of 2nd period - Radek Faksa wins face-off versus Gabriel Vilardi in Rangers zone.
6:25 of 2nd period - Morgan Rielly is hit by Dylan Coghlan and loses puck.
7:00 of 2nd period - Jake Muzzin is hit by Juuso Riikola and loses puck.
7:07 of 2nd period - Shot by Jonathan Huberdeau.
7:07 of 2nd period - Stopped by Keith Kinkaid without a rebound.
7:08 of 2nd period - Auston Matthews wins face-off versus Pierre-Luc Dubois in Rangers zone.
7:47 of 2nd period - Marcus Johansson is hit by Carson Soucy and loses puck.
7:50 of 2nd period - Shot by Joel Farabee.
7:50 of 2nd period - Stopped by Frederik Andersen with a rebound.
7:52 of 2nd period - Shot by Joel Farabee.
7:52 of 2nd period - Shot Misses the Net.
8:19 of 2nd period - Jeff Skinner is hit by Carson Soucy and loses puck.
8:52 of 2nd period - Shot by Nicolas Deslauriers.
8:52 of 2nd period - Shot Misses the Net.
8:54 of 2nd period - Shot by Joel Kiviranta.
8:54 of 2nd period - Stopped by Frederik Andersen without a rebound.
8:55 of 2nd period - Pat Maroon wins face-off versus Brayden Schenn in Canadiens zone.
9:00 of 2nd period - Shot by Joel Kiviranta.
9:00 of 2nd period - Shot Misses the Net.
9:12 of 2nd period - Shot by Joel Kiviranta.
9:12 of 2nd period - Shot Misses the Net.
9:14 of 2nd period - Shot by Pat Maroon.
9:14 of 2nd period - Shot Blocked by Jake Muzzin.
9:50 of 2nd period - Shot by Joel Farabee.
9:50 of 2nd period - Stopped by Frederik Andersen without a rebound.
9:51 of 2nd period - Trevor Zegras wins face-off versus Kasperi Kapanen in Canadiens zone.
9:52 of 2nd period - Shot by Nils Hoglander.
9:52 of 2nd period - Shot Misses the Net.
10:05 of 2nd period - Shot by Andrew Copp.
10:05 of 2nd period - Stopped by Keith Kinkaid with a rebound.
10:18 of 2nd period - Kasperi Kapanen is hit by Ryan Lindgren and loses puck.
10:25 of 2nd period - Shot by Kasperi Kapanen.
10:25 of 2nd period - Stopped by Keith Kinkaid without a rebound.
10:26 of 2nd period - Radek Faksa wins face-off versus Pierre-Luc Dubois in Rangers zone.
11:07 of 2nd period - Shot by Joel Farabee.
11:07 of 2nd period - Shot Misses the Net.
11:43 of 2nd period - Shot by Clayton Keller.
11:43 of 2nd period - Shot Misses the Net.
11:45 of 2nd period - Shot by Brayden Schenn.
11:45 of 2nd period - Shot Misses the Net.
11:47 of 2nd period - Shot by Morgan Rielly.
11:47 of 2nd period - Shot Misses the Net.
12:04 of 2nd period - Brayden Schenn is hit by Darren Raddysh and loses puck.
12:21 of 2nd period - Shot by Carson Soucy.
12:21 of 2nd period - Stopped by Keith Kinkaid without a rebound.
12:22 of 2nd period - Pat Maroon wins face-off versus Auston Matthews in Rangers zone.
12:32 of 2nd period - Off-side.
12:33 of 2nd period - Adam Henrique wins face-off versus Gabriel Vilardi in neutral zone.
12:33 of 2nd period - John Carlson is hit by Ryan Reaves and loses puck.
12:51 of 2nd period - Shot by Kasperi Kapanen.
12:51 of 2nd period - Stopped by Keith Kinkaid without a rebound.
12:52 of 2nd period - Auston Matthews wins face-off versus Trevor Zegras in Rangers zone.
12:53 of 2nd period - Shot by Mitch Marner.
12:53 of 2nd period - Stopped by Keith Kinkaid without a rebound.
12:54 of 2nd period - Trevor Zegras wins face-off versus Adam Henrique in Rangers zone.
13:03 of 2nd period - Shot by Alexandre Carrier.
13:03 of 2nd period - Stopped by Frederik Andersen without a rebound.
13:04 of 2nd period - Brayden Schenn wins face-off versus Nicolas Deslauriers in Canadiens zone.
13:12 of 2nd period - Icing by John Carlson.
13:13 of 2nd period - Jonathan Huberdeau wins face-off versus Pierre-Luc Dubois in Canadiens zone.
13:21 of 2nd period - Icing by Ryan Lindgren.
13:22 of 2nd period - Auston Matthews wins face-off versus Pierre-Luc Dubois in Rangers zone.
14:05 of 2nd period - Shot by Pierre-Luc Dubois.
14:05 of 2nd period - Deflect By Joel Farabee.
14:05 of 2nd period - Stopped by Frederik Andersen without a rebound.
14:06 of 2nd period - Trevor Zegras wins face-off versus Adam Henrique in Canadiens zone.
14:10 of 2nd period - Icing by Matt Roy.
14:11 of 2nd period - Adam Henrique wins face-off versus Trevor Zegras in Canadiens zone.
14:25 of 2nd period - Kasperi Kapanen is hit by Trevor Zegras and loses puck.
14:46 of 2nd period - Icing by Samuel Girard.
14:47 of 2nd period - Trevor Zegras wins face-off versus Radek Faksa in Rangers zone.
15:13 of 2nd period - Icing by Radek Faksa.
15:14 of 2nd period - Radek Faksa wins face-off versus Joel Farabee in Canadiens zone.
15:19 of 2nd period - Pierre-Luc Dubois is hit by Joakim Nordstrom and loses puck.
15:28 of 2nd period - Shot by Colton Sceviour.
15:28 of 2nd period - Shot Misses the Net.
16:30 of 2nd period - Joel Kiviranta is hit by Jonathan Huberdeau and loses puck.
17:15 of 2nd period - Icing by Matt Roy.
17:16 of 2nd period - Auston Matthews wins face-off versus Gabriel Vilardi in Canadiens zone.
17:22 of 2nd period - Off-side.
17:23 of 2nd period - Adam Henrique wins face-off versus Trevor Zegras in neutral zone.
17:26 of 2nd period - Shot by Andrew Copp.
17:26 of 2nd period - Stopped by Keith Kinkaid with a rebound.
17:40 of 2nd period - Shot by Kasperi Kapanen.
17:40 of 2nd period - Goal by Kasperi Kapanen - Canadiens : 1 - Rangers : 2.
17:41 of 2nd period - Auston Matthews wins face-off versus Gabriel Vilardi in neutral zone.
18:01 of 2nd period - Ryan Reaves is hit by Zach Hyman and loses puck.
18:43 of 2nd period - Shot by Andrew Copp.
18:43 of 2nd period - Shot Misses the Net.
18:45 of 2nd period - Shot by Brandon Carlo.
18:45 of 2nd period - Shot Blocked by Darren Raddysh.
18:47 of 2nd period - Shot by Jake Muzzin.
18:47 of 2nd period - Shot Blocked by Samuel Girard.
18:49 of 2nd period - Shot by Brandon Carlo.
18:49 of 2nd period - Shot Misses the Net.
18:51 of 2nd period - Shot by Kasperi Kapanen.
18:51 of 2nd period - Shot Misses the Net.
18:53 of 2nd period - Shot by Jake Muzzin.
18:53 of 2nd period - Goal by Jake Muzzin - Canadiens : 2 - Rangers : 2.
18:54 of 2nd period - Brayden Schenn wins face-off versus Pierre-Luc Dubois in neutral zone.
19:13 of 2nd period - Shot by Brayden Schenn.
19:13 of 2nd period - Stopped by Keith Kinkaid without a rebound.
19:14 of 2nd period - Trevor Zegras wins face-off versus Radek Faksa in Rangers zone.
19:33 of 2nd period - Shot by Trevor Zegras.
19:33 of 2nd period - Stopped by Frederik Andersen with a rebound.
19:35 of 2nd period - Shot by Samuel Girard.
19:35 of 2nd period - Stopped by Frederik Andersen without a rebound.
19:36 of 2nd period - Adam Henrique wins face-off versus Pierre-Luc Dubois in Canadiens zone.
19:46 of 2nd period - Kasperi Kapanen is hit by Ryan Lindgren and loses puck.
Goals for this period are 2 for Canadiens vs 0 for Rangers.
Shots for this period are 11 for Canadiens vs 11 for Rangers.

3rd period


0:01 of 3rd period - Brayden Schenn wins face-off versus Trevor Zegras in neutral zone.
0:03 of 3rd period - Clayton Keller is hit by Darren Raddysh and loses puck.
0:14 of 3rd period - Shot by Nils Hoglander.
0:14 of 3rd period - Stopped by Frederik Andersen with a rebound.
0:22 of 3rd period - Shot by Samuel Girard.
0:22 of 3rd period - Shot Misses the Net.
0:24 of 3rd period - Shot by Nils Hoglander.
0:24 of 3rd period - Shot Misses the Net.
0:26 of 3rd period - Shot by Jeff Skinner.
0:26 of 3rd period - Shot Misses the Net.
1:10 of 3rd period - Jonathan Huberdeau is hit by Marcus Johansson and loses puck.
1:33 of 3rd period - Shot by Joel Farabee.
1:33 of 3rd period - Deflect By Marcus Johansson.
1:33 of 3rd period - Shot Misses the Net.
1:44 of 3rd period - Off-side.
1:45 of 3rd period - Gabriel Vilardi wins face-off versus Radek Faksa in neutral zone.
2:04 of 3rd period - Joakim Nordstrom is hit by Juuso Riikola and loses puck.
2:21 of 3rd period - Shot by Gabriel Vilardi.
2:21 of 3rd period - Stopped by Frederik Andersen without a rebound.
2:22 of 3rd period - Pat Maroon wins face-off versus Auston Matthews in Canadiens zone.
2:24 of 3rd period - Joel Kiviranta is hit by Brandon Carlo and loses puck.
2:35 of 3rd period - Shot by Nicolas Deslauriers.
2:35 of 3rd period - Stopped by Frederik Andersen without a rebound.
2:35 of 3rd period - Minor Penalty to Jake Muzzin for Hooking.
2:36 of 3rd period - Radek Faksa wins face-off versus Trevor Zegras in Canadiens zone.
2:45 of 3rd period - Shot by Alexandre Carrier.
2:45 of 3rd period - Shot Blocked by Brandon Carlo.
2:47 of 3rd period - Shot by Ryan Lindgren.
2:47 of 3rd period - Stopped by Frederik Andersen without a rebound.
2:48 of 3rd period - Pierre-Luc Dubois wins face-off versus Colton Sceviour in Canadiens zone.
2:53 of 3rd period - Shot by Samuel Girard.
2:53 of 3rd period - Stopped by Frederik Andersen without a rebound.
2:54 of 3rd period - Pierre-Luc Dubois wins face-off versus Radek Faksa in Canadiens zone.
3:13 of 3rd period - Shot by Joakim Nordstrom.
3:13 of 3rd period - Stopped by Keith Kinkaid without a rebound.
3:14 of 3rd period - Radek Faksa wins face-off versus Trevor Zegras in Rangers zone.
3:20 of 3rd period - Shot by Kasperi Kapanen.
3:20 of 3rd period - Shot Blocked by Samuel Girard.
3:27 of 3rd period - Nils Hoglander is hit by Radek Faksa and loses puck.
3:57 of 3rd period - Icing by Samuel Girard.
3:58 of 3rd period - Colton Sceviour wins face-off versus Trevor Zegras in Rangers zone.
4:06 of 3rd period - Icing by Gabriel Vilardi.
4:07 of 3rd period - Trevor Zegras wins face-off versus Radek Faksa in Rangers zone.
4:24 of 3rd period - Joakim Nordstrom is hit by Gabriel Vilardi and loses puck.
4:45 of 3rd period - Shot by Joel Kiviranta.
4:45 of 3rd period - Stopped by Frederik Andersen with a rebound.
4:52 of 3rd period - Minor Penalty to Zach Hyman for Roughing.
4:53 of 3rd period - Radek Faksa wins face-off versus Pierre-Luc Dubois in Canadiens zone.
5:26 of 3rd period - Matt Roy is hit by Ryan Reaves and loses puck.
5:49 of 3rd period - Shot by Kasperi Kapanen.
5:49 of 3rd period - Shot Misses the Net.
6:03 of 3rd period - Joel Farabee is hit by Radek Faksa and loses puck.
6:20 of 3rd period - Icing by Samuel Girard.
6:21 of 3rd period - Colton Sceviour wins face-off versus Trevor Zegras in Rangers zone.
7:02 of 3rd period - Shot by Mitch Marner.
7:02 of 3rd period - Shot Blocked by Joel Kiviranta.
7:04 of 3rd period - Shot by Auston Matthews.
7:04 of 3rd period - Goal by Auston Matthews - Canadiens : 3 - Rangers : 2.
7:05 of 3rd period - Pat Maroon wins face-off versus Jonathan Huberdeau in neutral zone.
7:14 of 3rd period - Shot by Nicolas Deslauriers.
7:14 of 3rd period - Shot Misses the Net.
7:24 of 3rd period - Shot by Pat Maroon.
7:24 of 3rd period - Stopped by Frederik Andersen without a rebound.
7:25 of 3rd period - Adam Henrique wins face-off versus Pierre-Luc Dubois in Canadiens zone.
7:42 of 3rd period - Shot by Pierre-Luc Dubois.
7:42 of 3rd period - Stopped by Frederik Andersen without a rebound.
7:43 of 3rd period - Auston Matthews wins face-off versus Gabriel Vilardi in Canadiens zone.
7:45 of 3rd period - Icing by Mitch Marner.
7:46 of 3rd period - Auston Matthews wins face-off versus Nils Hoglander in Canadiens zone.
8:07 of 3rd period - Shot by Nils Hoglander.
8:07 of 3rd period - Stopped by Frederik Andersen without a rebound.
8:08 of 3rd period - Pierre-Luc Dubois wins face-off versus Adam Henrique in Canadiens zone.
8:09 of 3rd period - Shot by Joel Farabee.
8:09 of 3rd period - Shot Misses the Net.
8:27 of 3rd period - Shot by Joel Farabee.
8:27 of 3rd period - Stopped by Frederik Andersen without a rebound.
8:28 of 3rd period - Trevor Zegras wins face-off versus Radek Faksa in Canadiens zone.
8:32 of 3rd period - Trevor Zegras is hit by Carson Soucy and loses puck.
8:54 of 3rd period - Shot by Jeff Skinner.
8:54 of 3rd period - Shot Misses the Net.
9:08 of 3rd period - Shot by Jeff Skinner.
9:08 of 3rd period - Stopped by Frederik Andersen without a rebound.
9:09 of 3rd period - Auston Matthews wins face-off versus Pierre-Luc Dubois in Canadiens zone.
9:11 of 3rd period - Icing by Jake Muzzin.
9:12 of 3rd period - Pierre-Luc Dubois wins face-off versus Auston Matthews in Canadiens zone.
9:27 of 3rd period - Shot by Auston Matthews.
9:27 of 3rd period - Shot Blocked by Ryan Lindgren.
9:29 of 3rd period - Shot by Auston Matthews.
9:29 of 3rd period - Stopped by Keith Kinkaid without a rebound.
9:30 of 3rd period - Adam Henrique wins face-off versus Gabriel Vilardi in Rangers zone.
10:04 of 3rd period - Icing by Matt Roy.
10:05 of 3rd period - Pierre-Luc Dubois wins face-off versus Adam Henrique in Canadiens zone.
10:05 of 3rd period - Pierre-Luc Dubois is hit by Matt Roy.
10:47 of 3rd period - Shot by Pierre-Luc Dubois.
10:47 of 3rd period - Shot Misses the Net.
11:05 of 3rd period - Shot by Jonathan Huberdeau.
11:05 of 3rd period - Shot Misses the Net.
11:13 of 3rd period - Shot by Clayton Keller.
11:13 of 3rd period - Goal by Clayton Keller - Canadiens : 4 - Rangers : 2.
11:14 of 3rd period - Auston Matthews wins face-off versus Gabriel Vilardi in neutral zone.
11:38 of 3rd period - Icing by Zach Hyman.
11:39 of 3rd period - Trevor Zegras wins face-off versus Auston Matthews in Canadiens zone.
12:10 of 3rd period - Off-side.
12:11 of 3rd period - Pierre-Luc Dubois wins face-off versus Radek Faksa in neutral zone.
12:16 of 3rd period - Shot by Joel Farabee.
12:16 of 3rd period - Shot Misses the Net.
12:23 of 3rd period - Icing by Brandon Carlo.
12:24 of 3rd period - Gabriel Vilardi wins face-off versus Radek Faksa in Canadiens zone.
12:24 of 3rd period - Gabriel Vilardi is hit by Brandon Carlo.
13:13 of 3rd period - Clayton Keller is hit by Darren Raddysh and loses puck.
13:32 of 3rd period - Jonathan Huberdeau is hit by Ryan Reaves and loses puck.
13:48 of 3rd period - Minor Penalty to Pierre-Luc Dubois for Tripping.
13:49 of 3rd period - Auston Matthews wins face-off versus Pat Maroon in Rangers zone.
13:50 of 3rd period - Shot by Mitch Marner.
13:50 of 3rd period - Stopped by Keith Kinkaid without a rebound.
13:51 of 3rd period - Clayton Keller wins face-off versus Pat Maroon in Rangers zone.
14:12 of 3rd period - Shot by Morgan Rielly.
14:12 of 3rd period - Stopped by Keith Kinkaid with a rebound.
14:16 of 3rd period - Shot by John Carlson.
14:16 of 3rd period - Shot Misses the Net.
14:22 of 3rd period - Shot by Morgan Rielly.
14:22 of 3rd period - Shot Misses the Net.
14:24 of 3rd period - Shot by Zach Hyman.
14:24 of 3rd period - Shot Misses the Net.
15:38 of 3rd period - Shot by John Carlson.
15:38 of 3rd period - Stopped by Keith Kinkaid without a rebound.
15:39 of 3rd period - Zach Hyman wins face-off versus Gabriel Vilardi in Rangers zone.
15:40 of 3rd period - Shot by Morgan Rielly.
15:40 of 3rd period - Shot Misses the Net.
15:42 of 3rd period - Shot by Morgan Rielly.
15:42 of 3rd period - Goal by Morgan Rielly - Canadiens : 5 - Rangers : 2.
15:43 of 3rd period - Joakim Nordstrom wins face-off versus Pierre-Luc Dubois in neutral zone.
15:52 of 3rd period - Shot by Carson Soucy.
15:52 of 3rd period - Stopped by Keith Kinkaid without a rebound.
15:53 of 3rd period - Gabriel Vilardi wins face-off versus Adam Henrique in Rangers zone.
16:10 of 3rd period - Shot by Kasperi Kapanen.
16:10 of 3rd period - Stopped by Keith Kinkaid without a rebound.
16:11 of 3rd period - Trevor Zegras wins face-off versus Auston Matthews in Rangers zone.
16:11 of 3rd period - Trevor Zegras is hit by Zach Hyman.
16:14 of 3rd period - Icing by Samuel Girard.
16:15 of 3rd period - Auston Matthews wins face-off versus Trevor Zegras in Rangers zone.
16:28 of 3rd period - Shot by Mitch Marner.
16:28 of 3rd period - Stopped by Keith Kinkaid without a rebound.
16:29 of 3rd period - Pierre-Luc Dubois wins face-off versus Brayden Schenn in Rangers zone.
16:36 of 3rd period - Shot by Joel Farabee.
16:36 of 3rd period - Stopped by Frederik Andersen without a rebound.
16:37 of 3rd period - Auston Matthews wins face-off versus Pierre-Luc Dubois in Canadiens zone.
16:37 of 3rd period - Auston Matthews is hit by Pierre-Luc Dubois.
16:45 of 3rd period - Icing by Ryan Lindgren.
16:46 of 3rd period - Auston Matthews wins face-off versus Pierre-Luc Dubois in Rangers zone.
16:46 of 3rd period - Mitch Marner is hit by Ryan Lindgren and loses puck.
17:22 of 3rd period - Off-side.
17:23 of 3rd period - Trevor Zegras wins face-off versus Brayden Schenn in neutral zone.
17:39 of 3rd period - Brayden Schenn is hit by Nils Hoglander and loses puck.
17:43 of 3rd period - Minor Penalty to Jeff Skinner for Roughing.
17:43 of 3rd period - Minor Penalty to Brandon Carlo for Hooking.
17:44 of 3rd period - Trevor Zegras wins face-off versus Auston Matthews in Canadiens zone.
18:25 of 3rd period - Shot by Auston Matthews.
18:25 of 3rd period - Stopped by Keith Kinkaid without a rebound.
18:26 of 3rd period - Brayden Schenn wins face-off versus Marcus Johansson in Rangers zone.
18:26 of 3rd period - Brayden Schenn is hit by Alexandre Carrier.
18:32 of 3rd period - Shot by Brayden Schenn.
18:32 of 3rd period - Stopped by Keith Kinkaid without a rebound.
18:33 of 3rd period - Marcus Johansson wins face-off versus Brayden Schenn in Rangers zone.
18:57 of 3rd period - Shot by Jonathan Huberdeau.
18:57 of 3rd period - Shot Blocked by Samuel Girard.
18:59 of 3rd period - Shot by Brayden Schenn.
18:59 of 3rd period - Stopped by Keith Kinkaid without a rebound.
19:00 of 3rd period - Auston Matthews wins face-off versus Trevor Zegras in Rangers zone.
19:07 of 3rd period - Shot by Auston Matthews.
19:07 of 3rd period - Shot Misses the Net.
19:22 of 3rd period - Shot by Auston Matthews.
19:22 of 3rd period - Stopped by Keith Kinkaid without a rebound.
19:23 of 3rd period - Brayden Schenn wins face-off versus Marcus Johansson in Rangers zone.
Goals for this period are 3 for Canadiens vs 0 for Rangers.
Shots for this period are 15 for Canadiens vs 12 for Rangers.